 Dungeon Crawl Stone Soup version 0.16-a0-3134-g9b1347a (webtiles) character file.

2067 PolkaDot the Cutter (level 9, -4/66 HPs)
             Began as a Vampire Summoner on Dec 14, 2014.
             Was a Believer of Sif Muna.
             Slain by a gnoll
             ... wielding a +0 flail
              (6 damage)
             ... on level 7 of the Dungeon.
             The game lasted 00:25:01 (6788 turns).

PolkaDot the Cutter (Vampire Summoner)              Turns: 6788, Time: 00:25:01

Health: -4/66      AC:  5    Str:  9    XL:     9   Next: 5%
Magic:  6/27       EV: 13    Int: 20    God:    Sif Muna [**....]
Gold:   320        SH:  0    Dex: 14    Spells: 4 memorised, 1 level left

rFire  . . .     SeeInvis +     n - +1 rapier (speed)
rCold  + + +     Clarity  .     q - +0 leather armour
rNeg   . . .     SustAb   .     (no shield)
rPois  .         Gourm    .     (no helmet)
rElec  .         Spirit   .     k - +0 cloak
rCorr  .         Warding  .     (no gloves)
rMut   .         Stasis   .     (no boots)
MR     .....                    r - amulet of regeneration
Stlth  +++.......               h - ring of magical power
                                g - ring of protection from cold

@: very slightly contaminated, regenerating very quickly, not resistant to
hostile enchantments, fairly stealthy
A: bottle blood, fangs 3, talons 1, molten scales 1, see invisible, cold
resistance 2, strong 1, unbreathing
a: Channel Energy, Forget Spell, Renounce Religion


You were on level 7 of the Dungeon.
You worshipped Sif Muna.
Sif Muna was pleased with you.
You were almost alive.

You visited 2 branches of the dungeon, and saw 8 of its levels.

You collected 320 gold pieces.

Inventory:

Hand weapons
 n - a +1 rapier of speed (weapon)
Armour
 k - a +0 cloak (worn)
 q - a +0 leather armour (worn)
Jewellery
 g - a ring of protection from cold (left hand)
 h - a ring of magical power (right hand)
 r - an amulet of regeneration (around neck)
 C - an uncursed amulet of resist mutation
 F - an uncursed amulet of rage
Magical devices
 i - a wand of lightning (3)
 j - a wand of slowing (16)
 s - a wand of polymorph (15)
 u - a wand of slowing (18)
 v - a wand of enslavement (2)
 y - a wand of lightning (5)
 D - a wand of cold (8)
Scrolls
 a - a scroll of random uselessness {unknown}
 c - 2 scrolls of recharging
 d - 5 scrolls of remove curse
 e - 3 scrolls of amnesia
 l - a scroll of torment {unknown}
 m - 2 scrolls of magic mapping
 B - a scroll of enchant weapon {unknown}
 E - a scroll of noise {unknown}
Potions
 f - 3 potions of resistance
 o - 2 potions of blood {@*1}
 p - a potion of ambrosia
 t - 3 potions of curing
 w - a potion of agility
 x - a potion of degeneration {unknown}
 z - a potion of cancellation {unknown}
 A - 2 potions of brilliance
 G - 2 potions of berserk rage {unknown}
Books
 b - a book of Callings

   Spells                             Type                      Level
   a - Summon Small Mammal            Summoning                    1
   b - Call Imp                       Summoning                    2
   c - Call Canine Familiar           Summoning                    3
   d - Summon Guardian Golem          Hexes/Summoning              4
   e - Summon Lightning Spire         Summoning/Air                4
   f - Summon Ice Beast               Ice/Summoning                4


   Skills:
 - Level 4.3 Fighting
 + Level 6.8 Short Blades
 - Level 3.4 Dodging
 - Level 5.3 Stealth
 - Level 3.1 Spellcasting
 * Level 2.0 Hexes
 + Level 6.2 Summonings
 - Level 5.0 Ice Magic


You had one spell level left.
You knew the following spells:

 Your Spells              Type           Power        Failure   Level  Hunger
d - Call Canine Familiar  Summ           ####....     3%          3    ###....
g - Summon Guardian Gole  Hex/Summ       ###.....     30%         4    ####...
i - Summon Ice Beast      Ice/Summ       ####....     17%         4    ####...
s - Call Imp              Summ           ####....     1%          2    ##.....


Dungeon Overview and Level Annotations

Branches:
Dungeon (7/15)             Temple (1/1) D:5

Altars:
Ashenzari
Cheibriados
Dithmenos
Elyvilon
Fedhas
Gozag
Kikubaaqudgha
Makhleb
Nemelex Xobeh
Okawaru
Qazlal
Ru
Sif Muna
Trog
Vehumet
Xom
Yredelemnul
Zin
The Shining One
Beogh


Innate Abilities, Weirdness & Mutations

Your natural rate of healing is extremely fast.
You can bottle blood from corpses.
You have razor-sharp teeth.
You have supernaturally acute eyesight.
You can survive without breathing.
You have sharp toenails.
You are partially covered in molten scales (AC +1).
Your flesh is very cold resistant.
Your muscles are strong. (Str +2)


Message History

The sixfirhy closely misses you. The sixfirhy hits you.
* * * LOW HITPOINT WARNING * * *
The sixfirhy shocks you!
* * * LOW HITPOINT WARNING * * *
Your ice beast hits the gnoll but does no damage.
Your ice beast closely misses the sixfirhy.
Your ice beast completely misses the sixfirhy.
You completely miss the sixfirhy. Your kick misses the sixfirhy.
The sixfirhy is severely wounded.
The sixfirhy hits you!
* * * LOW HITPOINT WARNING * * *
The sixfirhy shocks you!
* * * LOW HITPOINT WARNING * * *
The sixfirhy hits you!
* * * LOW HITPOINT WARNING * * *
The sixfirhy shocks you!
* * * LOW HITPOINT WARNING * * *
Your hound stops to sniff the ground.
Your hound barely misses the sixfirhy.
The gnoll hits you with a flail.
You die...

... #..(.... ##.......#
........ #####......
.....$.... )...)..YY
.....)Yh4#+#
......gg@#.# ...
########.#.# ...
########.#.#### ...
........>.....# #.#
#########.....# #.#
#.....# #.### #.....#
....#############.....#
......................#


You could see a sixfirhy, 2 gnolls, 3 friendly ice beasts and a friendly hound.

Vanquished Creatures
  Eustachio (D:5)
  A hungry ghost (D:6)
  An ice beast (D:7)
  A sky beast (D:7)
  A black bear (D:7)
  A big kobold (D:4)
  A centaur (D:5)
  An ogre (D:5)
  A giant frog (D:6)
  A giant frog zombie (D:7)
  A hound (D:6)
  A centaur zombie (D:6)
  Crazy Yiuf (D:7)
  4 orc priests
  An iguana (D:5)
  Natasha (thrice) (D:3)
  2 orc wizards (D:5)
  6 worker ants
  5 adders
  A shadow imp (D:5)
  2 worms (D:3)
  An adder zombie (D:6)
  3 giant geckos
  An ooze (D:1)
  6 orcs
  2 ball pythons
  A bat skeleton (D:6)
  3 bat zombies
  3 giant cockroaches
  12 hobgoblins
  13 bats
  4 giant newts
  12 goblins
  8 jackals
  20 kobolds
  2 quokkas
  12 rats
140 creatures vanquished.

Vanquished Creatures (collateral kills)
  The ghost of runewalsh the Insei, an experienced OpTm (D:5)
  Grinder (D:5)
  Edmund (D:5)
  An orc warrior (D:6)
  2 ogres (D:4)
  A killer bee (D:7)
  A crimson imp (D:5)
  A goliath beetle (D:6)
  3 orc wizards
  Terence (D:3)
  2 gnolls (D:7)
  A giant mite (D:5)
  5 orcs
  2 giant cockroaches
  8 kobolds
  A giant newt (D:1)
  2 rats (D:5)
34 creatures vanquished.

Vanquished Creatures (others)
  2 crimson imps (D:5)
  5 hounds
  A shadow imp (D:5)
8 creatures vanquished.

Grand Total: 182 creatures vanquished

Notes
Turn   | Place    | Note
--------------------------------------------------------------
     0 | D:1      | PolkaDot, the Vampire Summoner, began the quest for the Orb.
     0 | D:1      | Reached XP level 1. HP: 13/13 MP: 3/3
   119 | D:1      | Reached skill level 1 in Fighting
   148 | D:1      | Reached XP level 2. HP: 18/21 MP: 4/4
   684 | D:1      | Reached XP level 3. HP: 28/28 MP: 6/6
   688 | D:1      | Learned a level 2 spell: Call Imp
   692 | D:1      | Learned a level 3 spell: Call Canine Familiar
   885 | D:2      | Found an iron altar of Okawaru.
  1821 | D:3      | Noticed Terence
  1834 | D:3      | Killed Terence
  1855 | D:3      | Reached XP level 4. HP: 20/34 MP: 3/7
  2082 | D:3      | Noticed Natasha
  2096 | D:3      | Killed Natasha
  2243 | D:3      | Noticed Natasha
  2247 | D:3      | Killed Natasha
  2336 | D:3      | Noticed Natasha
  2341 | D:3      | Killed Natasha
  2543 | D:4      | Noticed an ogre
  2552 | D:4      | Killed an ogre
  2552 | D:4      | Reached skill level 1 in Short Blades
  2552 | D:4      | Reached XP level 5. HP: 35/42 MP: 9/9
  2764 | D:4      | Found a roughly hewn altar of Beogh.
  2866 | D:4      | Reached XP level 6. HP: 47/49 MP: 10/10
  2945 | D:4      | Noticed an ogre
  2967 | D:4      | Killed an ogre
  3335 | D:4      | Noticed a big kobold
  3360 | D:4      | Killed a big kobold
  3869 | D:5      | Entered Level 5 of the Dungeon
  3869 | D:5      | Noticed Edmund
  3893 | D:5      | HP: 2/49 [Edmund/flail of holy wrath (13)]
  4063 | D:5      | Killed Edmund
  4063 | D:5      | Reached skill level 5 in Stealth
  4063 | D:5      | Reached XP level 7. HP: 37/55 MP: 4/12
  4072 | D:5      | Learned a level 4 spell: Summon Ice Beast
  4109 | D:5      | Gained mutation: You are partially covered in molten scales (AC +1). [potion of mutation]
  4109 | D:5      | Gained mutation: You have sharp toenails. [potion of mutation]
  4109 | D:5      | Gained mutation: Your muscles are strong. (Str +2) [potion of mutation]
  4110 | D:5      | Gained mutation: Your flesh is cold resistant. [potion of mutation]
  4110 | D:5      | Gained mutation: Your flesh is very cold resistant. [potion of mutation]
  4139 | D:5      | Found a staircase to the Ecumenical Temple.
  4185 | Temple   | Entered the Ecumenical Temple
  4352 | Temple   | Became a worshipper of Sif Muna the Loreminder
  4443 | D:5      | Found a shadowy altar of Dithmenos.
  4499 | D:5      | Reached skill level 1 in Ice Magic
  4511 | D:5      | Noticed Grinder
  4605 | D:5      | Killed Grinder
  4605 | D:5      | Reached skill level 5 in Short Blades
  4644 | D:5      | Reached skill level 5 in Summonings
  4839 | D:5      | Reached XP level 8. HP: 53/61 MP: 13/13
  4869 | D:5      | Noticed Eustachio
  4882 | D:5      | Noticed runewalsh's ghost (experienced OpTm)
  4891 | D:5      | Killed Eustachio
  4906 | D:5      | Killed runewalsh's ghost
  4906 | D:5      | Acquired Sif Muna's first power
  5197 | D:6      | Reached skill level 6 in Short Blades
  6121 | D:6      | Reached skill level 5 in Ice Magic
  6461 | D:7      | Acquired Sif Muna's second power
  6617 | D:7      | Reached XP level 9. HP: 57/66 MP: 18/18
  6623 | D:7      | Learned a level 4 spell: Summon Guardian Golem
  6640 | D:7      | Noticed Crazy Yiuf
  6653 | D:7      | Killed Crazy Yiuf
  6653 | D:7      | Reached skill level 1 in Hexes
  6779 | D:7      | Noticed a sixfirhy
  6788 | D:7      | HP: 2/66 [sixfirhy[miscasting Summon Ice Beast] (9)]
  6788 | D:7      | Slain by a gnoll

Action                   |  1- 3 |  4- 6 |  7- 9 || total
-------------------------+-------+-------+-------++-------
Melee: Mace              |   172 |    43 |       ||   215
       Unarmed           |     5 |    10 |       ||    15
       Rapier            |       |   148 |   309 ||   457
 Cast: Summon Small Mamm |     4 |       |       ||     4
       Call Imp          |     3 |    12 |     9 ||    24
       Call Canine Famil |     1 |     9 |     8 ||    18
       Summon Ice Beast  |       |       |    15 ||    15
Evoke: Wand              |       |       |     1 ||     1
  Use: Potion            |     2 |    12 |    27 ||    41
       Scroll            |       |       |     9 ||     9
 Stab: Sleeping          |     7 |     3 |    10 ||    20
       Distracted        |       |     1 |     4 ||     5
  Eat: Corpse            |    15 |     4 |       ||    19
